 Dungeon Crawl Stone Soup version 0.22-a0-268-g1cc83ef (webtiles) character file.

58 Bemidji the Cudgeler (level 4, 0/29 HPs)
             Began as a Tengu Berserker on Mar 9, 2018.
             Was a Follower of Trog.
             Slain by an adder (4 damage)
             ... on level 2 of the Dungeon.
             The game lasted 00:08:37 (1245 turns).

Bemidji the Cudgeler (Tengu Berserker)              Turns: 1245, Time: 00:08:38

Health: 0/29       AC:  6    Str: 18    XL:     4   Next: 1%
Magic:  5/5        EV: 16    Int:  8    God:    Trog [*.....]
Gold:   62         SH:  0    Dex: 18    Spells: 3/3 levels left

rFire    . . .     SeeInvis .   a - +0 mace
rCold    . . .     Gourm    .   (no shield)
rNeg     . . .     Faith    .   e - +0 scale mail
rPois    .         Spirit   .   (helmet restricted)
rElec    .         Reflect  .   (no cloak)
rCorr    .         Harm     .   (no gloves)
MR       .....                  (boots unavailable)
Stlth    +.........             (no amulet)
HPRegen  0.09/turn              (no ring)
MPRegen  0.09/turn              (no ring)

@: agile, berserk cooldown, slowed, very slow
A: beak, talons 3
a: Berserk, Renounce Religion


You were on level 2 of the Dungeon.
You worshipped Trog.
Trog was aware of your devotion.
You were not hungry.

You visited 1 branch of the dungeon, and saw 2 of its levels.

You collected 62 gold pieces.

Inventory:

Hand Weapons
 a - a +0 mace (weapon)
Armour
 b - a +0 animal skin
 e - a +0 scale mail (worn)
 i - a +0 robe
Scrolls
 j - a scroll of immolation {unknown}
 l - 2 scrolls of teleportation {unknown}
Potions
 d - a potion of brilliance {unknown}
 g - a potion of curing {unknown}
 h - 2 potions of degeneration {unknown}
 k - a potion of cancellation {unknown}
Comestibles
 c - 6 rations


   Skills:
 + Level 3.7 Fighting
 + Level 4.0 Maces & Flails
 + Level 2.4 Armour
 + Level 2.9 Dodging


You had 3 spell levels left.
You didn't know any spells.

Dungeon Overview and Level Annotations

Branches:
Dungeon (2/15)

Altars:

Annotations:
D:2 Terence


Innate Abilities, Weirdness & Mutations

You have a beak for a mouth.
You have claws for feet.


Message History

You closely miss the rat. Your kick misses the rat. The rat barely misses you.
The rat bites you.
* * * LOW HITPOINT WARNING * * *
You hit the rat. Your kick misses the rat.
You kill the rat!
Trog accepts your kill. The adder misses you.
You hit the adder.
The adder is moderately wounded.
The adder completely misses you. The adder barely misses you.
The adder bites you.
* * * LOW HITPOINT WARNING * * *
You barely miss the adder. Your kick misses the adder.
You peck the adder, but do no damage.
The adder is moderately wounded.
The adder bites you but does no damage. x2
It was a potion of agility.
You feel agile all of a sudden. The adder bites you.
You die...

.............####
................#
......##........####
......##........'..#
......##.......)##.#
......##.......g@#.#
......##.....รท.gK#.#
......#####.#+##S#.#
......# #.#...@#.#
).....# #.###..#.#
......# #......#.#
......# ###.#..#.#
......#
#.#....#######
#######
#.##.###.....# ..
#.###.###.#
#########.#.......#
#.......#.#.##.####


You could see Terence, 2 gnolls, an adder and a kobold.

Vanquished Creatures
  A gnoll (D:2)
  An adder (D:2)
  2 oozes (D:1)
  A leopard gecko (D:1)
  A goblin (D:1)
  7 hobgoblins
  7 kobolds (D:1)
  4 bats (D:1)
  2 frilled lizards
  5 rats
31 creatures vanquished.

Notes
Turn   | Place    | Note
-------+----------+-------------------------------------------
     0 | D:1      | Bemidji the Tengu Berserker began the quest for the Orb.
     0 | D:1      | Reached XP level 1. HP: 14/14 MP: 2/2
   268 | D:1      | Reached XP level 2. HP: 17/19 MP: 3/3
   657 | D:1      | Reached XP level 3. HP: 20/23 MP: 4/4
   688 | D:1      | Reached skill level 4 in Maces & Flails
  1230 | D:2      | Noticed Terence
  1234 | D:2      | Reached XP level 4. HP: 19/29 MP: 5/5
  1245 | D:2      | Slain by an adder

Vault maps used:
D:1:      dpeg_arrival_line_fractal, feat_on_display
D:2:      vehumet_crystals, uniq_terence

Skill      XL: |  1  2  3 |
---------------+----------+-----
Maces & Flails | 4 |  4.0
Fighting       | |  3.7
Armour         | |  2.4
Dodging        | |  2.9

Action                   |  1- 3 |  4- 6 || total
-------------------------+-------+-------++-------
Melee: Mace              |    70 |     4 ||    74
       Kick              |    11 |       ||    11
       Peck              |    10 |     2 ||    12
Invok: Berserk           |     1 |       ||     1
  Use: Potion            |       |     1 ||     1
  Eat: Ration            |     1 |       ||     1
Armor: Scale mail        |    58 |     6 ||    64
Dodge: Dodged            |    70 |     7 ||    77

Table legend:
 A = Spawn XP
 B = Non-spawn XP
 C = Spawn XP percentage of total XP
 D = Spawn monster count
 E = Non-spawn monster count
 F = Spawn count percentage of total count
 G = Total turns spent on level
                    A         B        C        D         E        F      G
               +---------+---------+-------+---------+---------+-------+---------
         Total |       0 |      83 |   0.0 |       0 |      31 |   0.0 |  1245
               +---------+---------+-------+---------+---------+-------+---------
           D:1 |       0 |      50 |   0.0 |       0 |      25 |   0.0 |   950
           D:2 |       0 |      33 |   0.0 |       0 |       6 |   0.0 |   295
               +---------+---------+-------+---------+---------+-------+---------
